 Dungeon Crawl Stone Soup version 0.31-a0-486-g8d68a81214 (webtiles) character file.

Game seed: 12374339730257818850

353 AstroCodex24 the Chopper (level 6, 0/5 HPs)
             Began as a Vampire Fighter on Aug 7, 2023.
             Slain by an endoplasm (3 damage)
             ... on level 1 of the Dungeon.
             The game lasted 00:08:29 (1613 turns).

AstroCodex24 the Chopper (Vampire Fighter)          Turns: 1613, Time: 00:08:29

Health: 0/5        AC: 13    Str: 22    XL:     6   Next: 35%
Magic:  6/6        EV:  9    Int: 11    God:
Gold:   80         SH:  0    Dex: 13    Spells: 5/5 levels left

rFire   . . .        a - melded +0 war axe
rCold   . . .        c - melded +0 buckler
rNeg    . . .        b - melded +0 scale mail
rPois   .            (helmet currently unavailable)
rElec   .            (cloak currently unavailable)
rCorr   .            (gloves currently unavailable)
SInv    +            (boots currently unavailable)
Will    .....        o - amulet of magic regeneration
Stlth   +            e - +4 ring of protection
HPRegen 0.40/turn    (no ring)
MPRegen 0.50/turn

%: no passive effects
@: snake-form, healing quickly
A: constrict, reduced hp, large, alive, (fangs 3), see invisible, vampiric 2
a: Exsanguinate, Begin Untransformation


You were on level 1 of the Dungeon.
You were an enormous anaconda.
You visited 1 branch of the dungeon, and saw 4 of its levels.

You collected 80 gold pieces.

Inventory:

Hand Weapons
 a - a +0 war axe (melded)
Armour
 b - a +0 scale mail (melded)
 c - a +0 buckler (melded)
Jewellery
 e - a +4 ring of protection (left hand)
 o - an amulet of magic regeneration (around neck)
Talismans
 i - a serpent talisman (active)
Wands
 g - a wand of iceblast (2)
Scrolls
 k - a scroll of enchant armour {unknown}
 l - a scroll of brand weapon {unknown}
 m - a scroll of revelation {unknown}
 n - a scroll of enchant weapon {unknown}
Potions
 d - 2 potions of might
 f - a potion of brilliance {unknown}
 h - a potion of enlightenment {unknown}
 j - 2 potions of haste {unknown}


   Skills:
 + Level 3.6 Fighting
 + Level 4.3 Axes
 + Level 3.3 Armour
 + Level 1.3 Dodging
 + Level 3.2 Shields
 + Level 0.3 Evocations


You had 5 spell levels left.
You didn't know any spells.
Your spell library was empty.

Dungeon Overview and Level Annotations

Branches:
Dungeon (4/15)
 Temple: D:4-7

Altars:


Innate Abilities, Weirdness & Mutations

You are an enormous anaconda.
You have a powerful constriction melee attack.
Your maximum health is decreased, since you lack skill for your form.
Your armour is entirely melded.
You are incapable of wielding weapons or throwing items.
Your natural rate of healing is accelerated.
((You have razor-sharp teeth.))
You have supernaturally acute eyesight. (SInv)
You are afflicted with vampirism and can become a bat while bloodless.


Message History

The endoplasm attacks as you move away!
The endoplasm hits you but does no damage.
You barely miss the endoplasm. You bite the endoplasm.
You kill the endoplasm!
Found 15 gold pieces.
You now have 80 gold pieces (gained 15).
There is a stone staircase leading down here.
Found an escape hatch in the ceiling.
A bat comes into view.
Found a dented platinum amulet.
The bat closely misses you.
You hit the bat.
You kill the bat!
There is an escape hatch in the ceiling here.
o - an amulet of magic regeneration
Found a dagger.
You start putting on your amulet.
You continue putting on your amulet of magic regeneration. x5
You finish putting on your amulet of magic regeneration.
o - an amulet of magic regeneration (around neck)
There is a stone staircase leading up here.
You climb upwards.
There is a stone staircase leading down here.
Okay, then.
Okay, then.
You begin transforming.
You continue transforming. x3
You turn into an enormous anaconda.
Your +0 war axe melds into your body.
Your +0 buckler melds into your body.
Your +0 scale mail melds into your body.
HP restored.
As you open the door, it creaks loudly!
An endoplasm comes into view.
The endoplasm quivers.
Found a smoky coppery potion.
There is an open door here.
The endoplasm freezes you.
You are frozen.
The endoplasm hits you.
Ouch! That really hurt!
You die...

#########
#>.......
#.##..... #.#
##. #.#
######'###
#....S...#
.....
#....J...#
.....
#........#
....
#..........
#..
#....!......#
####..
#.............
....(.
#...........#.
#####..
#............
....... #.....
#####..


You could see an endoplasm.

Vanquished Creatures
  Grinder (D:4)
  A scorpion (D:4)
  A hound (D:4)
  2 adders
  2 worms (D:2)
  A dart slug (D:3)
  3 orcs (D:2)
  3 bats
  5 endoplasms
  4 giant cockroaches
  4 goblins
  5 hobgoblins
  A quokka (D:2)
  4 ball pythons
  4 frilled lizards
  6 kobolds
  5 rats
52 creatures vanquished.

Notes
Turn   | Place    | Note
-------+----------+-------------------------------------------
     0 | D:1      | AstroCodex24 the Vampire Fighter began the quest for the
                  | Orb.
     0 | D:1      | Reached XP level 1. HP: 17/17 MP: 1/1
   154 | D:2      | Reached XP level 2. HP: 21/23 MP: 2/2
   206 | D:2      | Reached skill level 2 in Axes
   246 | D:2      | Gained mutation: You are afflicted with vampirism and can
                  | become a bat while bloodless. [Vampire growth]
   246 | D:2      | Reached XP level 3. HP: 12/28 MP: 3/3
   357 | D:4      | Noticed a scorpion
   371 | D:4      | Killed a scorpion
   372 | D:4      | Reached skill level 3 in Axes
   372 | D:4      | Reached XP level 4. HP: 13/35 MP: 4/4
   372 | D:4      | Noticed Grinder
   398 | D:4      | Killed Grinder
   399 | D:4      | Reached skill level 4 in Axes
   399 | D:4      | Reached skill level 1 in Dodging
   399 | D:4      | Reached XP level 5. HP: 17/41 MP: 5/5
   399 | D:4      | Reached XP level 6. HP: 19/47 MP: 6/6
  1613 | D:1      | Slain by an endoplasm

Illustrated notes

Levels and vault maps discovered:
D:1:      mrwooster_arrival_statue_3, layout_basic
D:2:      layout_rooms
D:3:      layout_rooms, mainiacjoe_overflow_cross_hatched, zin_scriptorium
D:4:      layout_gridville, nicolae_overflow_crystal_walls, chei_slow_surprise,
          minmay_joined_circles, uniq_grinder

Skill      XL: |  1  2  3  4 |
---------------+-------------+-----
Axes           | 2 3 4 |  4.3
Shields        | 3 |  3.2
Fighting       | 3 |  3.6
Armour         | 3 |  3.3
Dodging        | 1 |  1.3
Evocations     | |  0.3

Action                     |  1- 3 |  4- 6 || total
---------------------------+-------+-------++-------
  Melee: War axe           |    62 |    60 ||   122
         Bite              |     6 |     7 ||    13
Ability: Begin Untransform |       |     1 ||     1
  Evoke: Wand              |     1 |     3 ||     4
 Armour: Scale mail        |    42 |    46 ||    88
  Dodge: Dodged            |    30 |    43 ||    73
  Block: Buckler           |    13 |    14 ||    27
   Form: Anaconda          |       |     2 ||     2

Table legend: (Time is in decaauts)
 A = Elapsed time spent in this place.
 B = Non-inter-level travel time spent in this place.
 C = Inter-level travel time spent in this place.
 D = Time resting spent in this place.
 E = Time spent auto-exploring this place.
 F = Levels seen in this place.
 G = Mean time per level.
                   A        B        C        D        E       F      G
               +--------+--------+--------+--------+--------+-----+--------+
         Total |   1657 |   1657 |      0 |      0 |      0 |   4 |  414.2 |
       Dungeon |   1657 |   1657 |      0 |      0 |      0 |   4 |  414.2 |
               +--------+--------+--------+--------+--------+-----+--------+

Top non-repeatable levels by time:
     D:3: 695 daAuts
     D:2: 545 daAuts
     D:4: 257 daAuts
     D:1: 159 daAuts
